 Dungeon Crawl Stone Soup version 0.25-a0-413-g3b4b6a4ccc (webtiles) character file.

Game seed: 17958059034017356567, levelgen mode: deterministic

4600 Borgoz the Fighter (level 10, -1/65 HPs)
             Began as a Gargoyle Berserker on Jan 15, 2020.
             Was an Elder of Trog.
             Slain by an orc warrior
             ... wielding a +0 flail
              (15 damage)
             ... on level 8 of the Dungeon.
             The game lasted 00:12:09 (8658 turns).

Borgoz the Fighter (Gargoyle Berserker)             Turns: 8658, Time: 00:12:10

Health: -1/65      AC: 15    Str: 24    XL:     10   Next: 42%
Magic:  10/10      EV: 13    Int:  8    God:    Trog [****..]
Gold:   292        SH:  0    Dex:  9    Spells: 9/9 levels left

rFire    . . .     SeeInvis +   n - +0 flail
rCold    . . .     Gourm    .   (no shield)
rNeg     + . .     Faith    .   u - +0 scale mail
rPois    ∞         Spirit   .   (no helmet)
rElec    +         Reflect  .   (no cloak)
rCorr    .         Harm     +   (no gloves)
MR       ++...                  (no boots)
Stlth    ..........             p - amulet of harm
HPRegen  1.20/turn              y - ring of see invisible
MPRegen  0.12/turn              (no ring)

@: regenerating
A: negative energy resistance 1, electricity resistance, unbreathing,
petrification resistance, rot immunity, AC +7
a: Berserk, Trog's Hand, Brothers in Arms, Renounce Religion


You were on level 8 of the Dungeon.
You worshipped Trog.
Trog was greatly pleased with you.
You were very hungry.

You visited 2 branches of the dungeon, and saw 9 of its levels.

You collected 472 gold pieces.
You spent 180 gold pieces at shops.

Inventory:

Hand Weapons
 n - a +0 flail (weapon)
Missiles
 s - 4 throwing nets (quivered)
Armour
 u - a +0 scale mail (worn)
Jewellery
 p - an amulet of harm (around neck)
 w - an uncursed ring of fire
 y - a ring of see invisible (left hand)
Wands
 i - a wand of flame (16)
 C - a wand of polymorph (6)
Scrolls
 b - 3 scrolls of identify {unknown}
 f - 4 scrolls of enchant armour
 h - a scroll of random uselessness {unknown}
 j - 5 scrolls of remove curse {unknown}
 k - 2 scrolls of magic mapping {unknown}
 l - 3 scrolls of amnesia {unknown}
 m - 4 scrolls of teleportation {unknown}
 A - a scroll of enchant weapon {unknown}
 B - a scroll of noise {unknown}
Potions
 a - a potion of cancellation {unknown}
 d - 2 potions of flight {unknown}
 e - 4 potions of curing
 g - 2 potions of might {unknown}
 o - a potion of magic {unknown}
 q - 2 potions of lignification {unknown}
 r - a potion of heal wounds {unknown}
 v - a potion of ambrosia {unknown}
 x - a potion of haste {unknown}
 z - a potion of agility {unknown}
Comestibles
 c - 11 rations
 t - 3 chunks of flesh


   Skills:
 + Level 8.9 Fighting
 + Level 8.0 Maces & Flails
 + Level 8.5 Armour
 + Level 6.5 Dodging


You had 9 spell levels left.
You didn't know any spells.
Your spell library was empty.

Dungeon Overview and Level Annotations

Branches:
Dungeon (8/15)             Temple (1/1) D:7
   Lair: D:8-11

Altars:
Ashenzari
Elyvilon
Fedhas
Gozag
Okawaru
Qazlal
Ru
Sif Muna
Vehumet
Wu Jian
Xom

Shops:
D:7 =   D:8 }*!


Innate Abilities, Weirdness & Mutations

You are resistant to torment.
Your stone body is resilient. (AC +7)
You are immune to poison.
You resist negative energy. (rN+)
You are resistant to electric shocks. (rElec)
You can survive without breathing.
You are immune to petrification.
You are immune to rotting.


Message History

* * * LOW HITPOINT WARNING * * *
Your skin crawls.
You feel resistant to hostile enchantments.
You are feeling very hungry.
You closely miss the orc warrior. The orc warrior completely misses you.
You hit the orc warrior.
The orc warrior is lightly wounded.
The orc warrior hits you with a +0 flail.
* * * LOW HITPOINT WARNING * * *
You barely miss the orc warrior.
The orc warrior is lightly wounded.
The orc warrior barely misses you.
Throwing (i - inventory)
s - 5 throwing nets (quivered)
Press: ? - help, Shift-Dir - straight line, f - orc warrior
Aim: an orc warrior, wielding a +0 flail and wearing a +0 plate armour (lightly wounded)
You throw a throwing net.
The throwing net closely misses the orc warrior.
An orc comes into view. It is wielding a +0 short sword.
The orc warrior hits you with a +0 flail!
You die...

...# ######..# #######
...###.....###
.......###.#
....#####..# ##
.....####.## o##
...)....<..# ..#
....######## O(#
..[....##########oo#
...##...........@####..
...##.......[)))......#
...###.....†))...#####..
.#. #######)##..# ###
#?##....# ...?...##
....#..## ##...#..#
########


You could see an orc warrior, an ogre and 2 orcs.

Vanquished Creatures
  Grinder (D:3)
  2 hippogriffs
  Sigmund (D:2)
  A basilisk (D:7)
  A steam dragon (D:8)
  An orc warrior (D:8)
  4 sky beasts
  2 black bears (D:7)
  A phantom (D:5)
  3 ogres
  5 centaurs
  2 gnoll sergeants
  2 bullfrogs
  A wyvern skeleton (D:6)
  3 scorpions
  2 howler monkeys
  4 crimson imps
  2 jellies
  A bullfrog zombie (D:5)
  A centaur zombie (D:7)
  6 orc wizards
  3 orc priests
  3 gnoll shamans (D:5)
  7 hounds
  2 centaur skeletons
  Jessica (D:2)
  3 iguanas
  Natasha (thrice) (D:2)
  2 worker ants
  A hound skeleton (D:7)
  A worker ant zombie (D:8)
  37 gnolls
  11 adders
  3 shadow imps
  An ooze (D:3)
  An adder skeleton (D:8)
  A worm (D:3)
  A dart slug (D:1)
  A leopard gecko (D:7)
  40 orcs
  4 giant cockroaches
  9 goblins
  12 hobgoblins
  13 jackals (D:5)
  14 kobolds
  2 quokkas
  2 ball pythons
  3 bats
  6 frilled lizards
  A leopard gecko zombie (D:6)
  3 quokka skeletons
  9 rats
246 creatures vanquished.

Notes
Turn   | Place    | Note
-------+----------+-------------------------------------------
     0 | D:1      | Borgoz the Gargoyle Berserker began the quest for the Orb.
     0 | D:1      | Reached XP level 1. HP: 14/14 MP: 1/1
    50 | D:1      | Reached XP level 2. HP: 17/19 MP: 2/2
   670 | D:1      | Reached ** piety under Trog
   670 | D:1      | Reached XP level 3. HP: 23/23 MP: 3/3
   863 | D:2      | Noticed Sigmund
   870 | D:2      | Noticed Natasha
   872 | D:2      | Killed Sigmund
   872 | D:2      | Reached XP level 4. HP: 30/30 MP: 4/4
   872 | D:2      | Reached XP level 5. HP: 34/34 MP: 5/5
   875 | D:2      | Killed Natasha
   972 | D:2      | Noticed Jessica
   981 | D:2      | Killed Jessica
   981 | D:2      | Reached XP level 6. HP: 36/39 MP: 6/6
  1107 | D:2      | Found a shimmering blue altar of Sif Muna.
  1109 | D:2      | Found an ornate altar of the Wu Jian Council.
  1124 | D:2      | Found an opulent altar of Gozag.
  1210 | D:2      | Noticed Natasha
  1219 | D:2      | Killed Natasha
  1226 | D:2      | Noticed Natasha
  1237 | D:2      | Killed Natasha
  1648 | D:2      | Found a sacrificial altar of Ru.
  2223 | D:3      | Reached skill level 5 in Fighting
  2746 | D:3      | Found a blossoming altar of Fedhas.
  2746 | D:3      | Found a radiant altar of Vehumet.
  2747 | D:3      | Found an iron altar of Okawaru.
  2793 | D:3      | Noticed Grinder
  2815 | D:3      | Killed Grinder
  2815 | D:3      | Reached XP level 7. HP: 11/44 MP: 7/7
  2953 | D:4      | Reached skill level 5 in Maces & Flails
  2970 | D:4      | Reached skill level 5 in Armour
  2976 | D:4      | Reached *** piety under Trog
  3426 | D:4      | Reached XP level 8. HP: 34/51 MP: 8/8
  3672 | D:5      | Entered Level 5 of the Dungeon
  3957 | D:5      | Found a stormy altar of Qazlal.
  4027 | D:5      | Found a white marble altar of Elyvilon.
  4267 | D:5      | Reached **** piety under Trog
  4597 | D:5      | Reached XP level 9. HP: 42/56 MP: 9/9
  4648 | D:5      | Reached skill level 5 in Dodging
  5585 | D:5      | Found an opulent altar of Gozag.
  5992 | D:6      | Found a shattered altar of Ashenzari.
  6356 | D:6      | Found a shimmering altar of Xom.
  6792 | D:7      | Found a staircase to the Ecumenical Temple.
  6802 | Temple   | Entered the Ecumenical Temple
  7193 | D:7      | Found Sicequl's Jewellery Boutique.
  7201 | D:7      | Bought an uncursed ring of see invisible for 180 gold
                  | pieces
  7506 | D:7      | Reached XP level 10. HP: 59/64 MP: 10/10
  8040 | D:8      | Found Azxidig's General Store.
  8262 | D:8      | Found Keru's Gadget Emporium.
  8407 | D:8      | Found a shimmering altar of Xom.
  8543 | D:8      | Found Histanell's Distillery.
  8658 | D:8      | Slain by an orc warrior

Levels and vault maps discovered:
D:1:      dpeg_arrival_rooms_c, layout_loops_ring, serial_forest,
          infiniplex_forest_end_2, infiniplex_forest_lined_2,
          infiniplex_forest_3_way, infiniplex_forest_straight_4,
          infiniplex_forest_lined_room_3, infiniplex_forest_lined_room_3,
          infiniplex_forest_lined_2, infiniplex_forest_straight_2,
          hangedman_decor_lopped
D:2:      layout_loops_ring, minitemple, marbit_many_paths, uniq_natasha,
          uniq_sigmund, uniq_jessica
D:3:      layout_rooms, gammafunk_temple_overflow_claw, uniq_grinder
D:4:      corexii_shack_village, layout_loops_ring, first_ration,
          kennysheep_dice
D:5:      lemuel_castle_with_subvaults [lemuel_castle_interior_carwin_3],
          layout_basic, hangedman_feature_mirror, grunt_qazlal_sundering
D:6:      layout_loops_corners, xom_butterflies, ashenzari_altar_1
D:7:      layout_gridville, minmay_temple_entry_hall, serial_shops, shop,
          kennysheep_pointless_box
D:8:      cheibrodos_iron_armory, layout_rooms, special_room [special_room_orc],
          serial_shops, nicolae_shop_crystal, nicolae_shop_behind_doors,
          nicolae_shop_stone, nicolae_shop_crystal, nicolae_shop_crystal,
          basic_altar
Temple:   jpeg_temple_clearing

Skill      XL: |  1  2  3  4  5  6  7  8  9 10 |
---------------+-------------------------------+-----
Dodging        | 2 3 4 5 6 |  6.5
Fighting       | 4 5 6 8 |  8.9
Armour         | 3 4 5 6 7 8 |  8.5
Maces & Flails | 4 5 6 7 8 |  8.0

Action                   |  1- 3 |  4- 6 |  7- 9 | 10-12 || total
-------------------------+-------+-------+-------+-------++-------
Melee: Mace              |    73 |   127 |       |       ||   200
       Flail             |       |    75 |   669 |   154 ||   898
Throw: Throwing net      |       |       |       |     1 ||     1
Invok: Berserk           |     1 |     1 |     2 |       ||     4
       Trog's Hand       |       |     2 |     2 |     2 ||     6
  Use: Potion            |       |     1 |     1 |       ||     2
       Scroll            |       |       |     1 |       ||     1
  Eat: Chunk             |       |     9 |    19 |     4 ||    32
Armor: Animal skin       |    17 |    93 |       |       ||   110
       Ring mail         |       |    18 |   250 |       ||   268
       Scale mail        |       |       |   113 |    88 ||   201
Dodge: Dodged            |    56 |   189 |   528 |   132 ||   905

Table legend:
 A = Non-vault XP
 B = Vault XP
 C = Vault XP percentage of total XP
 D = Non-vault monster count
 E = Vault monster count
 F = Vault count percentage of total count
                 A         B        C        D         E       F
            +---------+---------+-------+---------+---------+-------
      Total |    4969 |    1603 |  24.4 |     165 |      81 |  32.9
            +---------+---------+-------+---------+---------+-------
        D:1 |      36 |       0 |   0.0 |      22 |       0 |   0.0
        D:2 |     188 |     285 |  60.3 |      26 |       4 |  13.3
        D:3 |      97 |     290 |  74.9 |      17 |       1 |   5.6
        D:4 |     328 |      58 |  15.0 |      19 |      11 |  36.7
        D:5 |     860 |     770 |  47.2 |      17 |      53 |  75.7
        D:6 |     596 |       0 |   0.0 |      18 |       0 |   0.0
        D:7 |    1863 |       0 |   0.0 |      30 |       0 |   0.0
        D:8 |    1001 |     200 |  16.7 |      16 |      12 |  42.9
            +---------+---------+-------+---------+---------+-------
